 Dungeon Crawl Stone Soup version 0.31-a0-803-g95b03c3367 (webtiles) character file.

Game seed: 8226246518110532282

1244 Hubris850 the Changeling (level 8, -4/37 HPs)
             Began as a Spriggan Shapeshifter on Sept 20, 2023.
             Was a Believer of Nemelex Xobeh.
             Slain by a steam dragon (10 damage)
             ... on level 5 of the Dungeon.
             The game lasted 00:14:57 (4571 turns).

Hubris850 the Changeling (Spriggan Shapeshifter)    Turns: 4571, Time: 00:14:57

Health: -4/37      AC:  2    Str: 10    XL:     8   Next: 25%
Magic:  9/9        EV: 25    Int: 13    God:    Nemelex Xobeh [**....]
Gold:   306        SH:  0    Dex: 15    Spells: 7/7 levels left

rFire   . . .        r - +1 dagger (distort)
rCold   . . .        (no shield)
rNeg    . . .        a - +0 animal skin
rPois   .            (helmet currently unavailable)
rElec   .            (cloak currently unavailable)
rCorr   .            (gloves unavailable)
SInv    +            (boots unavailable)
Will    +....        (no amulet)
Stlth   ++           m - +5 ring of evasion
HPRegen 0.26/turn    (no ring)
MPRegen 0.11/turn

%: no passive effects
@: beast-form, very quick
A: beast (slay +4), very small, no large weapons, unfitting armour, see
invisible, speed 3
a: Begin Untransformation, Renounce Religion, Draw Escape, Draw Destruction,
Draw Summoning


You were on level 5 of the Dungeon.
You worshipped Nemelex Xobeh.
Nemelex Xobeh was pleased with you.
You were a hulking beast.
You visited 1 branch of the dungeon, and saw 6 of its levels.

You collected 306 gold pieces.

Inventory:

Hand Weapons
 b - a +0 short sword
 e - a +0 dagger
 r - a +1 dagger of distortion (weapon)
 t - a +1 antimagic sling
 v - a +0 short sword of venom
Missiles
 h - 3 boomerangs
 j - 9 poisoned darts (quivered)
 u - 6 darts of dispersal
 A - 2 throwing nets
Armour
 a - a +0 animal skin (worn)
 g - a +0 cloak
 k - the +11 plate armour "Xiet" {-Tele *Slow rN+ Int+8}
   (You found it on level 2 of the Dungeon)

   Int+8:     It affects your intelligence (+8).
   rN+:       It protects you from negative energy.
   -Tele:     It prevents most forms of teleportation.
   *Slow:     It may slow you when you take damage.
Jewellery
 m - a +5 ring of evasion (left hand)
Talismans
 c - a beast talisman (active)
 d - a flux talisman
Wands
 B - a wand of acid (8)
 C - a wand of roots (6)
Scrolls
 i - 5 scrolls of teleportation
 w - 2 scrolls of identify
 x - 2 scrolls of immolation
 y - a scroll of torment
 z - a scroll of silence {unknown}
Potions
 f - 3 potions of enlightenment
 l - a potion of magic
 n - 5 potions of curing
 o - a potion of degeneration {unknown}
 p - 2 potions of mutation {unknown}
 q - a potion of berserk rage {unknown}
 s - a potion of lignification


   Skills:
 - Level 1.0 Fighting
 + Level 5.1 Short Blades
 + Level 6.8 Dodging
 - Level 3.0 Stealth
 + Level 4.6 Unarmed Combat
 + Level 7.0 Shapeshifting


You had 7 spell levels left.
You didn't know any spells.
Your spell library contained the following spells:

 Spells                   Type           Power      Damage    Failure   Level
 Slow                     Hex            0%         N/A       30%         1
 Sublimation of Blood     Necr           0%         N/A       43%         2
 Wereblood                Tmut           0%         N/A       43%         2
 Confusing Touch          Hex            0%         N/A       67%         3
 Gell's Gravitas          Tloc           0%         N/A       67%         3
 Sigil of Binding         Hex            0%         N/A       67%         3
 Teleport Other           Tloc           0%         N/A       67%         3
 Vampiric Draining        Necr           0%         2d6       67%         3
 Dispersal                Tloc           0%         N/A       100%        6
 Summon Hydra             Summ           0%         N/A       100%        7


Dungeon Overview and Level Annotations

Branches:
Dungeon (6/15)
 Temple: D:4-7

Altars:
Ashenzari
Hepliaklqana
Nemelex Xobeh


Innate Abilities, Weirdness & Mutations

You are a hulking beast.
Your limbs bulge with bestial killing power. (Slay +4)
You are very small and have problems with some larger weapons.
You are too small for most types of armour.
You have supernaturally acute eyesight. (SInv)
You cover ground extremely quickly. (Speed+++)


Message History

The steam dragon misses you. The lemure barely misses you.
You hit Pikel but do no damage.
Space warps horribly around Pikel!
Pikel is severely wounded.
Pikel completely misses you.
Hubris850's illusion hits Pikel.
Space warps around Pikel.
The steam dragon completely misses you. The steam dragon misses you.
You barely miss Pikel.
Pikel is severely wounded.
The lemure completely misses you. Pikel closely misses you.
Hubris850's illusion hits Pikel but does no damage.
Space warps around Pikel.
You catch the helpless Pikel completely off-guard!
You puncture Pikel!
You kill Pikel!
With Pikel's spell broken, his former minion thanks you for its freedom.
The lemure departs this earthly plane.
The steam dragon misses you. The steam dragon claws you.
* * * LOW HITPOINT WARNING * * *
Your Short Blades skill increases to level 5!
Your Dodging skill increases to level 6!
Your Shapeshifting skill increases to level 7!
You have reached level 8!
You hit the steam dragon.
Space warps horribly around the steam dragon!
The steam dragon is severely wounded.
Hubris850's illusion hits the steam dragon.
Space warps around the steam dragon.
The steam dragon breathes steam at you. The ball of steam hits you.
* * * LOW HITPOINT WARNING * * *
Hubris850's illusion misses the steam dragon.
The steam dragon bites Hubris850's illusion.
The steam dragon misses Hubris850's illusion.
Hubris850's illusion barely misses the steam dragon.
The steam dragon misses Hubris850's illusion.
The steam dragon completely misses Hubris850's illusion.
Hubris850's illusion barely misses the steam dragon.
The steam dragon bites you!
You die...
Your body disappears without a glow.

#.................####§..#...###.
##...................§§......##..
#....................§.........##
....................§§§......####
#..................§.........#
#...............§§...........##
#..............@)>..§.........##
#...............D§§............##
#...............h...............#
.................................
.................................
##.....####..#...##....<.........
#.....## ##.....####............
##......####.....## #............
#.#.......##......###..##..#..###
.##....##.......#.....##...##..##
.###...####.....###.........##..#


You could see a steam dragon (catching breath, ally target) and the friendly
Hubris850's illusion (summoned).

Vanquished Creatures
  Pikel (D:5)
  Menkaure (D:5)
  An ogre (D:5)
  A lemure (D:6)
  A gnoll sergeant (D:5)
  A hound (D:5)
  An iguana (D:5)
  Terence (D:2)
  10 adders
  3 gnolls (D:5)
  A shadow imp (D:5)
  A white imp (D:5)
  3 ufetubi
  A worm (D:3)
  3 dart slugs
  An orc (D:5)
  6 ball pythons
  4 endoplasms
  4 giant cockroaches
  4 goblins
  6 hobgoblins
  6 jackals
  7 kobolds
  5 quokkas
  6 bats
  5 frilled lizards
  4 rats
  A spectral orc (D:5)
89 creatures vanquished.

Notes
Turn   | Place    | Note
-------+----------+-------------------------------------------
     0 | D:1      | Hubris850 the Spriggan Shapeshifter began the quest for the
                  | Orb.
     0 | D:1      | Reached XP level 1. HP: 9/9 MP: 2/2
   167 | D:1      | Reached skill level 1 in Fighting
   187 | D:1      | Reached XP level 2. HP: 14/14 MP: 3/3
   208 | D:1      | Reached skill level 1 in Stealth
   469 | D:1      | Reached skill level 1 in Short Blades
   711 | D:2      | Noticed Terence
   731 | D:2      | Killed Terence
   732 | D:2      | Reached XP level 3. HP: 14/18 MP: 4/4
   800 | D:2      | Reached XP level 4. HP: 15/22 MP: 5/5
   982 | D:2      | Identified the +11 plate armour "Xiet" {-Tele *Slow rN+
                  | Int+8}
  1918 | D:3      | Found a sparkling altar of Nemelex Xobeh.
  1922 | D:3      | Became a worshipper of Nemelex Xobeh the Trickster
  2196 | D:3      | Reached XP level 5. HP: 25/25 MP: 6/6
  2535 | D:4      | Found a broken altar of Ashenzari.
  2823 | D:5      | Entered Level 5 of the Dungeon
  2826 | D:5      | Reached skill level 5 in Shapeshifting
  2832 | D:5      | Noticed a phantom
  2923 | D:5      | Noticed Menkaure
  2935 | D:5      | Killed Menkaure
  2936 | D:5      | Reached XP level 6. HP: 18/30 MP: 7/7
  3033 | D:5      | Reached * piety under Nemelex Xobeh
  3054 | D:5      | Received a gift from Nemelex Xobeh
  3252 | D:5      | Found a hazy altar of Hepliaklqana.
  3324 | D:5      | Reached skill level 5 in Dodging
  3358 | D:5      | Noticed an ice beast
  3366 | D:5      | Banished an ice beast
  3367 | D:5      | Reached XP level 7. HP: 33/33 MP: 8/8
  3509 | D:5      | Reached skill level 6 in Shapeshifting
  3920 | D:5      | Reached ** piety under Nemelex Xobeh
  4438 | D:6      | Noticed a steam dragon
  4440 | D:6      | Noticed Pikel
  4556 | D:6      | Noticed a chaos spawn
  4565 | D:5      | Killed Pikel
  4566 | D:5      | Reached skill level 5 in Short Blades
  4566 | D:5      | Reached skill level 7 in Shapeshifting
  4566 | D:5      | Reached XP level 8. HP: 10/37 MP: 9/9
  4571 | D:5      | Slain by a steam dragon

Illustrated notes

Levels and vault maps discovered:
D:1:      minmay_arrival_radiant_lines, layout_loops_cross
D:2:      layout_rooms, minmay_octomino_e4, uniq_terence
D:3:      layout_basic, nemelex_diamond_rough_becter
D:4:      layout_cave_pools, mainiacjoe_overflow_concentric_impassable
D:5:      layout_layer_cave, nicolae_hepliaklqana_monster_ancestors,
          uniq_menkaure
D:6:      layout_rooms, pdpol_temple_overflow_zin_treasury_gozag_greed,
          nicolae_overflow_crystal_walls, minmay_temple_entry_offerings,
          small_statue_alley_b, uniq_pikel

Skill      XL: |  1  2  3  4  5  6  7 |
---------------+----------------------+-----
Fighting       | 1 |  1.0
Stealth        | 2 3 |  3.0
Dodging        | 3 4 5 6 |  6.8
Short Blades   | 1 2 3 5 |  5.1
Unarmed Combat | 3 4 |  4.6
Shapeshifting  | 5 7 |  7.0

Action                     |  1- 3 |  4- 6 |  7- 9 || total
---------------------------+-------+-------+-------++-------
  Melee: Dagger            |    83 |   142 |    58 ||   283
         Unarmed           |    13 |       |       ||    13
         Punch             |       |     5 |       ||     5
  Throw: Boomerang         |     1 |       |       ||     1
         Dart              |       |    14 |    13 ||    27
 Invoke: Draw Destruction  |       |       |     2 ||     2
         Draw Summoning    |       |       |     2 ||     2
    Use: Potion            |     1 |       |       ||     1
         Scroll            |       |     7 |       ||     7
   Stab: Sleeping          |     2 |     6 |     2 ||    10
         Distracted        |       |       |     1 ||     1
 Armour: Animal skin       |    28 |    31 |    19 ||    78
         Skin              |    20 |       |       ||    20
  Dodge: Dodged            |    66 |   105 |    62 ||   233

Table legend: (Time is in decaauts)
 A = Elapsed time spent in this place.
 B = Non-inter-level travel time spent in this place.
 C = Inter-level travel time spent in this place.
 D = Time resting spent in this place.
 E = Time spent auto-exploring this place.
 F = Levels seen in this place.
 G = Mean time per level.
                   A        B        C        D        E       F      G
               +--------+--------+--------+--------+--------+-----+--------+
         Total |   3182 |   3102 |     80 |    437 |   1975 |   6 |  530.3 |
       Dungeon |   3182 |   3102 |     80 |    437 |   1975 |   6 |  530.3 |
               +--------+--------+--------+--------+--------+-----+--------+

Top non-repeatable levels by time:
     D:5: 1123 daAuts
     D:3: 740 daAuts
     D:1: 494 daAuts
     D:2: 405 daAuts
     D:4: 364 daAuts
     D:6: 53 daAuts
